 Dungeon Crawl Stone Soup version 0.30-a0-953-g5f1da4a474 (webtiles) character file.

Game seed: 5171543628318653166

1582 retardedninja the Magician (level 8, 0/41 HPs)
             Began as a Deep Elf Conjurer on Mar 28, 2023.
             Slain by an ice beast (6 damage)
             ... on level 5 of the Dungeon.
             The game lasted 00:07:59 (5783 turns).

retardedninja the Magician (Deep Elf Conjurer)      Turns: 5783, Time: 00:07:59

Health: 0/41       AC:  4    Str:  4    XL:     8   Next: 60%
Magic:  17/21      EV: 14    Int: 26    God:
Gold:   185        SH:  0    Dex: 13    Spells: 19/22 levels left

rFire   . . .      SeeInvis .    x - +2 spear (heavy)
rCold   . . .      Faith    .    (no shield)
rNeg    . . .      Spirit   .    c - +0 robe
rPois   .          Reflect  .    (no helmet)
rElec   .          Rampage  .    (no cloak)
rCorr   .                        h - +0 pair of gloves
Will    .....                    w - +0 pair of boots
Stlth   ++++                     l - amulet of magic regeneration
HPRegen 0.26/turn                (no ring)
MPRegen 0.57/turn                (no ring)

@: no status effects
A: no striking features
a: no special abilities


You were on level 5 of the Dungeon.
You visited 1 branch of the dungeon, and saw 5 of its levels.

You collected 185 gold pieces.

Inventory:

Hand Weapons
 x - a +2 heavy spear (weapon)
Armour
 c - a +0 robe (worn)
 h - a +0 pair of gloves (worn)
 w - a +0 pair of boots (worn)
Jewellery
 l - an amulet of magic regeneration (around neck)
 o - a ring of wizardry
Wands
 u - a wand of iceblast (12)
Scrolls
 a - a scroll of noise
 d - a scroll of poison {unknown}
 e - a scroll of enchant weapon {unknown}
 p - a scroll of fog
 t - a scroll of immolation {unknown}
 v - a scroll of teleportation {unknown}
Potions
 b - a potion of magic
 g - 3 potions of flight {unknown}
 i - 3 potions of might
 j - 3 potions of attraction
 m - 2 potions of resistance {unknown}
 n - 4 potions of curing {unknown}
 q - 2 potions of degeneration {unknown}
 r - 2 potions of lignification {unknown}
 s - 2 potions of brilliance {unknown}


   Skills:
 + Level 6.9 Dodging
 + Level 7.5 Stealth
 + Level 7.6 Spellcasting
 + Level 7.4 Conjurations


You had 19 spell levels left.
You knew the following spells:

 Your Spells              Type           Power      Damage    Failure   Level
a - Magic Dart            Conj           100%       1d8       1%          1
b - Searing Ray           Conj           96%        2d7       1%          2

Your spell library contained the following spells:

 Spells                   Type           Power      Damage    Failure   Level
 Dazzling Flash           Conj/Hex       58%        N/A       3%          3
 Fulminant Prism          Conj/Hex       14%        3d9       13%         4
 Iskenderun's Mystic Bla  Conj/Tloc      29%        2d7       13%         4
 Call Canine Familiar     Summ           9%         N/A       19%         3
 Portal Projectile        Hex/Tloc       18%        N/A       19%         3
 Leda's Liquefaction      Hex/Erth       4%         N/A       52%         4


Dungeon Overview and Level Annotations

Branches:
Dungeon (5/15)
 Temple: D:4-7

Altars:
Hepliaklqana
Zin
The Shining One


Message History

An ice beast is nearby!
The magic dart hits the ice beast!
The ice beast is moderately wounded.
You can't see any susceptible monsters within range! (Use Z to cast anyway.)
You can't see any susceptible monsters within range! (Use Z to cast anyway.)
An ice beast is nearby!
The magic dart hits the ice beast.
The ice beast is moderately wounded.
The ice beast hits you. The ice beast freezes you.
The magic dart hits the ice beast.
The ice beast is moderately wounded.
The ice beast barely misses you.
The magic dart hits the ice beast.
The ice beast is moderately wounded.
The ice beast hits you. The ice beast freezes you!
You are too injured to fight recklessly!
You are too injured to fight recklessly!
You are too injured to fight recklessly!
Casting: Magic Dart (safe; 1% risk of failure)
Confirm with . or Enter, or press ? or * to list all spells.
Aiming: Searing Ray (safe; 1% risk of failure)
Press: ? - help, Shift-Dir - straight line, f/p - ice beast
Aim: an ice beast (moderately wounded, 83% to hit)
The searing ray hits the ice beast.
The ice beast is heavily wounded. (Press . to maintain the ray.)
The ice beast hits you. The ice beast freezes you!
* * * LOW HITPOINT WARNING * * *
Casting: Searing Ray (safe; 1% risk of failure)
Confirm with . or Enter, or press ? or * to list all spells.
Restarting spell: Searing Ray (safe; 1% risk of failure)
Press: ? - help, Shift-Dir - straight line, f/p - ice beast
Aim: an ice beast (heavily wounded, 83% to hit)
The searing ray hits the ice beast!
The ice beast is severely wounded. (Press . to maintain the ray.)
The ice beast hits you.
* * * LOW HITPOINT WARNING * * *
The ice beast freezes you.
You die...

##......######.#
.'......'....#.#
##......####.#.#
#...)...._).#.#
.....).......#.#
#####.######.#.# #.
#)#.# #. #.#.# #.# #.#@#
#.# #.#.Y...... #.#
#.###......
######'######.# #.....)
#.............#~~~.~~~~
#.............~)~~~~~~≈
#.............~≈~≈≈~~~.
##...........#.~≈≈~≈~~~≈
.....)######.##~~~~~≈s


You could see an ice beast.

Vanquished Creatures
  A two-headed ogre (D:5)
  An ogre (D:4)
  A kobold brigand (D:5)
  2 scorpions (D:5)
  A water moccasin skeleton (D:4)
  An orc priest (D:4)
  A hound (D:5)
  A jelly (D:5)
  4 iguanas
  Ijyb (D:3)
  5 orc wizards
  A sleepcap (D:5)
  Natasha (thrice) (D:3)
  2 scorpion zombies (D:4)
  A hound zombie (D:4)
  6 adders
  A gnoll (D:1)
  An adder zombie (D:4)
  2 dart slugs
  17 orcs
  5 ball pythons
  7 bats
  2 endoplasms
  5 giant cockroaches
  13 goblins
  2 hobgoblins
  7 jackals (D:1)
  4 quokkas
  A frilled lizard (D:1)
  11 kobolds
  5 rats
  A spectral kobold (D:2)
116 creatures vanquished.

Notes
Turn   | Place    | Note
-------+----------+-------------------------------------------
     0 | D:1      | retardedninja the Deep Elf Conjurer began the quest for the
                  | Orb.
     0 | D:1      | Reached XP level 1. HP: 10/10 MP: 6/6
   255 | D:1      | Reached XP level 2. HP: 15/15 MP: 6/8
   620 | D:1      | Reached XP level 3. HP: 19/19 MP: 8/10
  1699 | D:2      | Found a faded altar of an unknown god.
  2096 | D:2      | Learned a level 2 spell: Searing Ray
  2109 | D:3      | Reached XP level 4. HP: 16/24 MP: 0/11
  2244 | D:3      | Reached skill level 5 in Conjurations
  2293 | D:3      | Noticed Ijyb
  2297 | D:3      | Killed Ijyb
  2652 | D:3      | Reached XP level 5. HP: 28/28 MP: 2/13
  2833 | D:3      | Noticed Natasha
  2837 | D:3      | Killed Natasha
  2887 | D:3      | Noticed Natasha
  2890 | D:3      | Killed Natasha
  2991 | D:3      | Noticed Natasha
  2997 | D:3      | Killed Natasha
  2998 | D:3      | Reached XP level 6. HP: 18/32 MP: 0/15
  3632 | D:4      | Reached skill level 5 in Spellcasting
  3879 | D:4      | Reached skill level 5 in Stealth
  4311 | D:4      | Reached skill level 5 in Dodging
  4311 | D:4      | Reached XP level 7. HP: 28/36 MP: 10/17
  4495 | D:4      | Found a hazy altar of Hepliaklqana.
  4640 | D:4      | Found a glowing golden altar of the Shining One.
  5257 | D:5      | Entered Level 5 of the Dungeon
  5382 | D:5      | Noticed a two-headed ogre
  5394 | D:5      | Killed a two-headed ogre
  5395 | D:5      | Reached XP level 8. HP: 24/41 MP: 6/20
  5688 | D:5      | Found a glowing silver altar of Zin.
  5783 | D:5      | Slain by an ice beast

Illustrated notes

Levels and vault maps discovered:
D:1:      evilmike_arrival_home_sweet_home, layout_loops_ring,
          grunt_decor_fettered, grunt_decor_one_mirror
D:2:      layout_basic, dreamdust_ecumenical_altar_drowned_temple
D:3:      layout_loops_ring, uniq_ijyb, uniq_natasha
D:4:      layout_gridville, kennysheep_little_box,
          worldfamousw_hep_ancestral_shrine, serial_undead, serial_undead_e,
          serial_undead_f, serial_undead_f, serial_undead_c
D:5:      layout_basic, hellmonk_okawaru_the_only_friend_you_need,
          lemuel_round_altar, overflow_temple_1_default,
          chequers_serial_rivers_large_a

Skill      XL: |  1  2  3  4  5  6  7 |
---------------+----------------------+-----
Stealth        | 3 4 5 7 |  7.5
Dodging        | 3 4 5 6 |  6.9
Conjurations   | 5 6 7 |  7.4
Spellcasting   | 4 5 7 |  7.6

Action                     |  1- 3 |  4- 6 |  7- 9 || total
---------------------------+-------+-------+-------++-------
  Melee: Unarmed           |    25 |       |       ||    25
         Hand axe          |     1 |     3 |       ||     4
   Cast: Magic Dart        |    74 |   116 |   110 ||   300
         Searing Ray       |     3 |    24 |    21 ||    48
  Evoke: Wand              |       |       |     1 ||     1
    Use: Scroll            |       |       |     5 ||     5
         Potion            |       |       |     3 ||     3
 Armour: Robe              |     8 |     9 |       ||    17
  Dodge: Dodged            |    44 |    13 |    27 ||    84

Table legend: (Time is in decaauts)
 A = Elapsed time spent in this place.
 B = Non-inter-level travel time spent in this place.
 C = Inter-level travel time spent in this place.
 D = Time resting spent in this place.
 E = Time spent auto-exploring this place.
 F = Levels seen in this place.
 G = Mean time per level.
                   A        B        C        D        E       F      G
               +--------+--------+--------+--------+--------+-----+--------+
         Total |   5790 |   5702 |     88 |   1214 |   3836 |   5 | 1158.0 |
       Dungeon |   5790 |   5702 |     88 |   1214 |   3836 |   5 | 1158.0 |
               +--------+--------+--------+--------+--------+-----+--------+

Top non-repeatable levels by time:
     D:4: 1797 daAuts
     D:3: 1466 daAuts
     D:1: 1292 daAuts
     D:2: 810 daAuts
     D:5: 424 daAuts
